 Dungeon Crawl Stone Soup version 0.24-a0-451-g263dff2034 (webtiles) character file.

Game seed: 11443489687813854224

169 Mrkan the Ruffian (level 5, 0/50 HPs)
             Began as a Troll Monk on June 26, 2019.
             Killed by nerve-wracking pain
             ... invoked by an orc priest
              (14 damage)
             ... on level 4 of the Dungeon.
             The game lasted 00:03:32 (2272 turns).

Mrkan the Ruffian (Troll Monk)                      Turns: 2272, Time: 00:03:32

Health: 0/50       AC:  6    Str: 19    XL:     5   Next: 25%
Magic:  4/4        EV: 10    Int:  7    God:
Gold:   134        SH:  0    Dex: 12    Spells: 4/4 levels left

rFire    . . .     SeeInvis .     - Unarmed
rCold    . . .     Gourm    +   (no shield)
rNeg     . . .     Faith    .   a - +0 robe
rPois    .         Spirit   .   (helmet restricted)
rElec    .         Reflect  .   (no cloak)
rCorr    .         Harm     .   (gloves unavailable)
MR       .....                  (boots unavailable)
Stlth    ++........             (no amulet)
HPRegen  0.56/turn              (no ring)
MPRegen  0.09/turn              (no ring)

@: no status effects
A: large, unfitting armour, claws 3, fast metabolism 3, gourmand, regeneration
1, shaggy fur 1, tough skin 3
a: no special abilities


You were on level 4 of the Dungeon.
You were very full.

You visited 1 branch of the dungeon, and saw 4 of its levels.

You collected 134 gold pieces.

Inventory:

Armour
 a - a +0 robe (worn)
Scrolls
 c - 3 scrolls of remove curse {unknown}
 f - 4 scrolls of teleportation {unknown}
 g - 3 scrolls of identify {unknown}
 h - 2 scrolls of noise {unknown}
 i - 2 scrolls of magic mapping {unknown}
 j - a scroll of enchant armour {unknown}
 k - 2 scrolls of enchant weapon {unknown}
 l - a scroll of amnesia {unknown}
 n - a scroll of immolation {unknown}
Potions
 d - 2 potions of haste {unknown}
 e - a potion of brilliance
 m - a potion of curing
Comestibles
 b - 4 rations


   Skills:
 - Level 2.4 Fighting
 - Level 2.4 Dodging
 - Level 1.0 Stealth
 * Level 6.0 Unarmed Combat


You had 4 spell levels left.
You didn't know any spells.
Your spell library was empty.

Dungeon Overview and Level Annotations

Branches:
Dungeon (4/15)
 Temple: D:4-7

Altars:


Innate Abilities, Weirdness & Mutations

You are too large for most types of armour.
You have claws for hands.
Your metabolism is lightning-fast.
You like to eat raw meat.
Your natural rate of healing is unusually fast.
You are covered in fur. (AC +1)
You have extremely tough skin. (AC +3)


Message History

The leopard gecko is almost dead.
The orc priest calls down the wrath of Beogh upon you.
Beogh smites you! The leopard gecko barely misses you.
You scratch the leopard gecko.
You kill the leopard gecko!
The orc priest hits you but does no damage.
Found a scroll labeled YVEGUA ZOIBUHOQO.
The orc priest mumbles some strange prayers to Beogh against you.
Beogh smites you!
* * * LOW HITPOINT WARNING * * *
Okay, then.
You claw the orc priest!
The orc priest is heavily wounded.
The orc priest invokes the aid of Beogh against you.
Pain shoots through your body!
* * * LOW HITPOINT WARNING * * *
You feel better. The orc hits you but does no damage.
The orc priest invokes the aid of Beogh against you.
Pain shoots through your body!
You die...

##.....##
########...##
##...?.#.....##
#.............##
...............#
....<..........#
...............#
.......o.......#
.......@o......#
..............##
##.....#.....##
#############


You could see an orc priest and an orc.

Vanquished Creatures
  2 orc priests (D:3)
  A worker ant (D:2)
  2 adders
  2 worms
  A dart slug (D:2)
  A leopard gecko (D:4)
  4 orcs (D:3)
  3 giant cockroaches
  6 goblins
  10 hobgoblins
  4 jackals (D:1)
  2 quokkas
  8 bats
  6 frilled lizards
  5 kobolds
  4 rats
61 creatures vanquished.

Notes
Turn   | Place    | Note
-------+----------+-------------------------------------------
     0 | D:1      | Mrkan the Troll Monk began the quest for the Orb.
     0 | D:1      | Reached XP level 1. HP: 22/22 MP: 0/0
   298 | D:1      | Reached XP level 2. HP: 29/29 MP: 1/1
   708 | D:2      | Reached skill level 4 in Unarmed Combat
   747 | D:2      | Reached XP level 3. HP: 7/36 MP: 2/2
  1076 | D:2      | Reached XP level 4. HP: 44/44 MP: 3/3
  1234 | D:2      | Reached skill level 5 in Unarmed Combat
  1386 | D:3      | Reached XP level 5. HP: 17/50 MP: 4/4
  1743 | D:3      | Found a faded altar of an unknown god.
  1953 | D:3      | Reached skill level 6 in Unarmed Combat
  2271 | D:4      | HP: 2/50 [orc priest/nerve-wracking pain (11)]
  2272 | D:4      | Killed from afar by an orc priest

Levels and vault maps discovered:
D:1:      wheals_arrival_shading, layout_basic
D:2:      layout_basic
D:3:      layout_basic, chequers_ecumenical_altar_simple
D:4:      layout_rooms, minmay_temple_entry_stoned_glass

Skill      XL: |  1  2  3  4  5 |
---------------+----------------+-----
Unarmed Combat | 4 5 6 |  6.0
Fighting       | |  2.4
Dodging        | |  2.4
Stealth        | |  1.0

Action                   |  1- 3 |  4- 6 || total
-------------------------+-------+-------++-------
Melee: Unarmed           |    78 |    66 ||   144
       Punch             |     1 |       ||     1
  Use: Potion            |     2 |     1 ||     3
 Stab: Sleeping          |     1 |       ||     1
  Eat: Chunk             |    15 |    10 ||    25
Armor: Robe              |    30 |    27 ||    57
Dodge: Dodged            |    37 |    26 ||    63

Table legend:
 A = Non-vault XP
 B = Vault XP
 C = Vault XP percentage of total XP
 D = Non-vault monster count
 E = Vault monster count
 F = Vault count percentage of total count
                 A         B        C        D         E       F
            +---------+---------+-------+---------+---------+-------
      Total |     242 |       0 |   0.0 |      61 |       0 |   0.0
            +---------+---------+-------+---------+---------+-------
        D:1 |      28 |       0 |   0.0 |      18 |       0 |   0.0
        D:2 |      74 |       0 |   0.0 |      17 |       0 |   0.0
        D:3 |     137 |       0 |   0.0 |      25 |       0 |   0.0
        D:4 |       3 |       0 |   0.0 |       1 |       0 |   0.0
            +---------+---------+-------+---------+---------+-------
